 Dungeon Crawl Stone Soup version 0.28.0-53-g5a82cb258f (webtiles) character file.

Game seed: 10005132554445732169

310 Tiocfaidh the Cutter (level 6, -4/30 HPs)
             Began as a Spriggan Warper on June 11, 2022.
             Killed by divine providence
             ... invoked by an orc priest
              (10 damage)
             ... on level 5 of the Dungeon.
             The game lasted 00:19:35 (4191 turns).

Tiocfaidh the Cutter (Spriggan Warper)              Turns: 4191, Time: 00:19:36

Health: -4/30      AC:  5    Str:  9    XL:     6   Next: 18%
Magic:  11/11      EV: 19    Int: 14    God:
Gold:   210        SH:  0    Dex: 15    Spells: 11/11 levels left

rFire   + . .      SeeInvis +   f - +1 short sword (speed)
rCold   x . .      Faith    .   (no shield)
rNeg    . . .      Spirit   .   b - +0 robe
rPois   .          Reflect  .   (helmet restricted)
rElec   .          Harm     .   i - +2 cloak
rCorr   .          Rampage  .   (gloves unavailable)
Will    +....                   (boots unavailable)
Stlth   ++........              o - amulet of regeneration
HPRegen 0.90/turn               g - ring of fire
MPRegen 0.12/turn               (no ring)

@: very quick
A: very small, no large weapons, unfitting armour, see invisible, speed 3
a: no special abilities


You were on level 5 of the Dungeon.
You visited 1 branch of the dungeon, and saw 5 of its levels.

You collected 210 gold pieces.

Inventory:

Hand Weapons
 f - a +1 short sword of speed (weapon)
Missiles
 k - 2 atropa-tipped darts (quivered)
Armour
 b - a +0 robe (worn)
 i - a +2 cloak (worn)
Jewellery
 g - a ring of fire (left hand)
 o - an amulet of regeneration (around neck)
 q - an amulet of faith
Wands
 r - a wand of flame (11)
Scrolls
 a - a scroll of vulnerability {unknown}
 c - 2 scrolls of blinking
 d - 2 scrolls of magic mapping
 l - 2 scrolls of fear
 m - a scroll of amnesia {unknown}
 p - 2 scrolls of fog
 s - a scroll of silence
 t - a scroll of identify
Potions
 e - 3 potions of curing {unknown}
 h - 3 potions of heal wounds {unknown}
 j - a potion of might {unknown}
 n - 2 potions of lignification {unknown}


   Skills:
 + Level 2.3 Fighting
 + Level 5.2 Short Blades
 + Level 1.8 Throwing
 + Level 4.7 Dodging
 + Level 1.5 Stealth
 + Level 3.0 Spellcasting
 + Level 5.0 Translocations


You had 11 spell levels left.
You didn't know any spells.
Your spell library contained the following spells:

 Spells                   Type           Power      Damage    Failure   Level
 Blink                    Tloc           32%        N/A       4%          2
 Gell's Gravitas          Tloc           16%        N/A       9%          3
 Lesser Beckoning         Tloc           16%        N/A       9%          3
 Teleport Other           Tloc           16%        N/A       9%          3
 Foxfire                  Conj/Fire      12%        2x1d4     22%         1
 Sublimation of Blood     Necr           2%         N/A       32%         2
 Conjure Flame            Conj/Fire      3%         6-21      54%         3
 Ignite Poison            Fire/Tmut/Pois 3%         N/A       54%         3
 Inner Flame              Hex/Fire       3%         N/A       54%         3
 Tukima's Dance           Hex            2%         N/A       54%         3
 Manifold Assault         Tloc           16%        N/A       58%         5
 Anguish                  Hex/Necr       1%         N/A       91%         4
 Flame Wave               Conj/Fire      3%         2d4       91%         4
 Petrify                  Tmut/Erth      2%         N/A       91%         4
 Sticky Flame             Conj/Fire      3%         2d3       91%         4
 Irradiate                Conj/Tmut      1%         3d14      99%         5
 Enfeeble                 Hex            1%         N/A       100%        7


Dungeon Overview and Level Annotations

Branches:
Dungeon (5/15)
 Temple: D:4-7

Altars:


Innate Abilities, Weirdness & Mutations

You are very small and have problems with some larger weapons.
You are too small for most types of armour.
You have supernaturally acute eyesight. (SInv)
You cover ground extremely quickly. (Speed+++)


Message History

You hit the orc priest.
You punch the orc priest, but do no damage.
The orc priest is lightly wounded.
The orc priest hits you with a +0 club.
You barely miss the orc priest.
The orc priest is lightly wounded.
You hit the orc priest.
The orc priest is moderately wounded.
The orc priest barely misses you.
You hit the orc priest.
The orc priest is heavily wounded.
The orc priest barely misses you.
You hit the orc priest but do no damage.
The orc priest is heavily wounded.
You hit the orc priest.
The orc priest is severely wounded.
The orc priest misses you.
You closely miss the orc priest.
The orc priest is severely wounded.
You barely miss the orc priest.
The orc priest is severely wounded.
The orc priest mumbles some strange prayers to Beogh against you.
Beogh smites you!
You hit the orc priest.
The orc priest is almost dead.
You hit the orc priest.
The orc priest is almost dead.
The orc priest mumbles some strange prayers to Beogh against you.
Beogh smites you!
* * * LOW HITPOINT WARNING * * *
You hit the orc priest but do no damage.
The orc priest is almost dead.
The orc priest barely misses you.
You hit the orc priest.
The orc priest is almost dead.
You hit the orc priest but do no damage.
The orc priest is almost dead.
The orc priest calls down the wrath of Beogh upon you.
Beogh smites you!
You die...

##..... ..#.# #.#
#.....######.#.# #.#
#...... ..##.#.# #.#
#.....
#.##.#.###.####
#...#
#.##.#.....##.. #.#
#.##.########.# #.#
#.##.########.#
#.####.............#
#oo@......##########
###########


You could see an orc priest and an orc.

Vanquished Creatures
  A water moccasin skeleton (D:5)
  2 hounds (D:4)
  2 orc priests (D:5)
  An orc wizard (D:4)
  3 adders
  An ufetubus (D:4)
  An adder skeleton (D:4)
  2 worms
  2 dart slugs
  14 orcs
  3 ball pythons
  3 bats
  6 endoplasms
  2 giant cockroaches (D:2)
  A goblin (D:4)
  3 hobgoblins
  6 quokkas
  2 frilled lizards
  6 kobolds
  4 rats
65 creatures vanquished.

Notes
Turn   | Place    | Note
-------+----------+-------------------------------------------
     0 | D:1      | Tiocfaidh the Spriggan Warper began the quest for the Orb.
     0 | D:1      | Reached XP level 1. HP: 10/10 MP: 5/5
   488 | D:1      | Reached XP level 2. HP: 7/15 MP: 6/6
  1561 | D:2      | Found a faded altar of an unknown god.
  1709 | D:2      | Reached skill level 5 in Translocations
  1709 | D:2      | Reached XP level 3. HP: 14/18 MP: 6/8
  2766 | D:4      | Reached XP level 4. HP: 18/23 MP: 9/9
  2922 | D:4      | Noticed a phantom
  3012 | D:4      | Reached skill level 1 in Stealth
  3012 | D:4      | Reached XP level 5. HP: 24/26 MP: 10/10
  3559 | D:5      | Entered Level 5 of the Dungeon
  3559 | D:5      | Noticed a phantom
  3848 | D:5      | Reached skill level 5 in Short Blades
  3848 | D:5      | Reached XP level 6. HP: 17/30 MP: 11/11
  4191 | D:5      | Killed from afar by an orc priest

Illustrated notes

Levels and vault maps discovered:
D:1:      evilmike_arrival_fibonacci_small, layout_loops_ring
D:2:      layout_basic, basic_ecumenical_altar, lemuel_flame_loot_1
D:3:      layout_basic
D:4:      layout_loops_ring, minmay_starry_boxes
D:5:      layout_loops_ring, uniq_ijyb

Skill      XL: |  1  2  3  4  5 |
---------------+----------------+-----
Spellcasting   | 3 |  3.0
Translocations | 5 |  5.0
Dodging        | 4 |  4.7
Short Blades   | 3 5 |  5.2
Fighting       | 2 |  2.3
Stealth        | 1 |  1.5
Throwing       | |  1.8

Action                   |  1- 3 |  4- 6 || total
-------------------------+-------+-------++-------
Melee: Short sword       |   198 |   250 ||   448
       Punch             |     1 |     3 ||     4
Throw: Boomerang         |     5 |       ||     5
       Dart              |     8 |       ||     8
  Use: Scroll            |       |     6 ||     6
Armor: Robe              |    11 |     8 ||    19
Dodge: Dodged            |    93 |   113 ||   206
